Map: [ESL] Data-C

Players

Rhizer

  • Race: Protoss Protoss
  • Spawn Location: 3:00

ShoWTimE - Winner!

  • Race: Protoss Protoss
  • Spawn Location: 9:00

Event: DreamHack SC2 Masters 2022 Valencia

VOD

Have the link to the VOD?

Description

Time

  • Played on: July 1, 2022, 8:57 a.m.
  • Length: 9:38

All games in this series

Show
View Real Time Build Order
Export as new Build Order

Rhizer Protoss 

Build Orders:  

Get SALT Encoding   

  12  0:00  Probe  
  13  0:12  Probe  
  14  0:24  Probe  
  15  0:36  Pylon  
  15  0:54  Probe  
  15  0:55  Gateway x2  
  16  0:59  Assimilator  
  16  1:06  Probe  
  16  1:09  Pylon  
  17  1:18  Probe  
  18  1:33  Probe  
  19  1:40  Zealot x2 (Chrono Boost)  
  19  1:45  Probe, Cybernetics Core  
  24  1:59  Zealot (Chrono Boost)  
  28  2:04  Pylon  
  28  2:06  Zealot (Chrono Boost)  
  28  2:20  Adept (Chrono Boost)  
  30  2:26  Adept  
  31  2:46  Adept  
  33  3:05  Nexus, Probe  
  32  3:06  Stalker  
  28  3:17  Probe  
  28  3:18  Twilight Council  
  27  3:21  Warp Gate  
  27  3:25  Assimilator  
  27  3:32  Stalker  
  29  3:35  Probe  
  30  3:48  Probe  
  29  3:52  Gateway  
  29  4:00  Probe  
  29  4:22  Blink  
  25  4:26  Probe (Chrono Boost)  
  25  4:29  Probe (Chrono Boost)  
  24  4:36  Probe (Chrono Boost)  
  24  4:38  Probe (Chrono Boost)  
  26  4:43  Probe x2 (Chrono Boost)  
  26  4:44  Shield Battery  
  28  4:52  Probe  
  29  4:54  Probe  
  30  5:02  Pylon  
  30  5:04  Probe  
  30  5:06  Probe  
  31  5:25  Robotics Facility  
  30  5:28  Probe (Chrono Boost)  
  30  5:32  Probe (Chrono Boost)  
  29  5:38  Stalker  
  29  5:40  Probe (Chrono Boost)  
  29  5:41  Pylon  
  33  5:44  Probe (Chrono Boost)  
  33  5:47  Probe (Chrono Boost)  
  33  5:49  Probe (Chrono Boost)  
  34  5:54  Probe  
  36  6:00  Shield Battery  
  36  6:02  Pylon  
  36  6:03  Probe  
  37  6:07  Probe  
  37  6:08  Sentry  
  40  6:15  Probe  
  41  6:19  Forge  
  41  6:22  Probe (Chrono Boost)  
  42  6:27  Probe (Chrono Boost)  
  43  6:35  Probe (Chrono Boost)  
  43  6:38  Pylon, Probe (Chrono Boost)  
  45  6:40  Probe (Chrono Boost)  
  45  6:46  Gateway  
  45  6:48  Gateway  
  45  6:51  Gateway  
  45  6:54  Charge  
  45  6:56  Probe  
  45  6:58  Protoss Ground Weapons Level 1 (Chrono Boost)  
  45  6:59  Probe  
  47  7:08  Probe  
  47  7:11  Probe, Zealot  
  51  7:21  Probe  
  52  7:24  Gateway  
  52  7:25  Probe, Gateway  
  53  7:36  Zealot  
  53  7:37  Probe  
  56  7:42  Probe  
  56  7:44  Assimilator  
  56  7:47  Templar Archives  
  56  7:48  Assimilator, Zealot  
  56  7:49  Probe  
  59  7:56  Pylon  
  59  8:01  Zealot  
  61  8:07  Pylon  
  61  8:08  Pylon  
  61  8:15  Gateway  
  61  8:18  Zealot x3  
  67  8:29  High Templar  
  67  8:31  Pylon  
  67  8:33  High Templar  
  71  8:37  Archon  
  71  8:40  High Templar x3  
  77  8:41  Shield Battery  
  77  8:42  High Templar  
  77  8:46  Pylon  
  79  8:49  Pylon  
  79  8:51  Archon  
  79  8:54  Archon  
  79  9:06  Zealot x2  
  83  9:13  Zealot x4  
  83  9:16  Zealot  
  93  9:29  Zealot x2  
Show
View Real Time Build Order
Export as new Build Order

ShoWTimE Protoss - Winner!

Build Orders: Oracle Opening 

Get SALT Encoding   

  12  0:00  Probe  
  13  0:12  Probe  
  14  0:18  Pylon  
  14  0:24  Probe (Chrono Boost)  
  15  0:36  Probe (Chrono Boost)  
  15  0:38  Gateway  
  16  0:45  Probe (Chrono Boost)  
  16  0:47  Assimilator  
  17  0:51  Probe  
  18  1:03  Probe (Chrono Boost)  
  19  1:07  Assimilator  
  19  1:08  Pylon  
  19  1:14  Probe (Chrono Boost)  
  23  1:25  Zealot  
  23  1:30  Cybernetics Core  
  22  1:38  Probe  
  23  1:41  Pylon  
  23  1:50  Probe  
  23  1:52  Zealot (Chrono Boost)  
  26  2:02  Probe  
  26  2:06  Shield Battery  
  27  2:15  Cybernetics Core  
  27  2:16  Stalker (Chrono Boost)  
  29  2:31  Shield Battery  
  29  2:34  Pylon  
  31  2:53  Stargate  
  31  2:54  Stalker  
  31  2:59  Shield Battery  
  31  3:01  Probe  
  30  3:13  Pylon  
  30  3:15  Probe  
  30  3:18  Warp Gate  
  26  3:28  Probe  
  29  3:39  Oracle (Chrono Boost)  
  29  3:44  Probe  
  31  4:08  Nexus  
  32  4:21  Robotics Facility  
  32  4:22  Probe  
  32  4:34  Probe  
  32  4:35  Gateway  
  33  4:46  Probe  
  34  4:58  Probe  
  35  5:07  Sentry  
  35  5:10  Probe  
  35  5:11  Immortal (Chrono Boost)  
  42  5:20  Phoenix  
  42  5:21  Probe (Chrono Boost)  
  43  5:26  Probe (Chrono Boost)  
  44  5:30  Stalker, Sentry  
  44  5:33  Probe (Chrono Boost)  
  50  5:37  Probe x2 (Chrono Boost)  
  50  5:42  Observer (Chrono Boost)  
  52  5:45  Pylon  
  52  5:46  Probe  
  52  5:47  Probe  
  54  5:55  Twilight Council  
  54  5:58  Probe  
  54  5:59  Probe  
  60  6:04  Immortal  
  60  6:10  Probe, Assimilator  
  61  6:11  Sentry  
  61  6:12  Probe  
  64  6:21  Stalker  
  64  6:23  Probe, Blink (Chrono Boost)  
  67  6:27  Probe  
  68  6:37  Probe  
  68  6:38  Phoenix  
  69  6:40  Pylon  
  69  6:42  Pylon  
  69  6:49  Nexus  
  69  6:57  Pylon  
  69  7:00  Probe x2  
  71  7:05  Stalker x2  
  75  7:12  Gateway x2  
  75  7:20  Warp Prism  
  77  7:26  Probe x2  
  77  7:28  Stalker  
  81  7:32  Stalker  
  83  7:40  Probe x2  
  83  7:43  Shield Battery  
  85  7:49  Gateway  
  85  7:51  Gateway  
  85  7:55  Probe x2  
  87  8:02  Stalker x2  
  87  8:04  Shield Battery  
  87  8:05  Probe  
  92  8:07  Probe  
  92  8:10  Stalker  
  95  8:16  Stalker  
  97  8:23  Pylon  
  97  8:31  Stalker x2  
  101  8:36  Stalker  
  101  8:37  Pylon  
  101  8:40  Shield Battery  
  103  8:44  Stalker x2  
  103  8:47  Stalker  
  109  8:55  Stalker  
  111  8:56  Pylon  
  111  9:00  Stalker, Forge  
  113  9:07  Stalker x2  
  117  9:15  Stalker x2  
  121  9:21  Pylon  
  121  9:22  Zealot  
  123  9:36  Stalker x3  

Tags
 
Add a new tag
Caveats
  • Supply blocks, unpowered buildings, or Contaminate may cause inaccurate times.
  • Supply counts are checked every 10 seconds.